 Dungeon Crawl Stone Soup version 0.30-a0-1016-gfb0d676c02 (webtiles) character file.

Game seed: 2359248427066663509

24 OrthodoxDeviant the Chopper (level 2, -2/23 HPs)
             Began as a Demonspawn Gladiator on Apr 6, 2023.
             Splashed by a jelly's acid (8 damage)
             ... on level 2 of the Dungeon.
             The game lasted 00:01:44 (743 turns).

OrthodoxDeviant the Chopper (Demonspawn Gladiator)   Turns: 743, Time: 00:01:44

Health: -2/23      AC:  1    Str: 14    XL:     2   Next: 79%
Magic:  2/2        EV: 12    Int:  9    God:
Gold:   110        SH:  0    Dex: 14    Spells: 1/1 levels left

rFire   . . .      SeeInvis .    a - +0 war axe
rCold   . . .      Faith    .    (no shield)
rNeg    . . .      Spirit   .    b - +0 leather armour
rPois   .          Reflect  .    c - +0 helmet
rElec   .          Rampage  .    (no cloak)
rCorr   .                        (no gloves)
Will    .....                    h - +0 pair of boots
Stlth   +                        (no amulet)
HPRegen 0.23/turn                (no ring)
MPRegen 0.08/turn                (no ring)

@: corroded
A: claws 1
a: no special abilities


You were on level 2 of the Dungeon.
You visited 1 branch of the dungeon, and saw 2 of its levels.

You collected 110 gold pieces.

Inventory:

Hand Weapons
 a - a +0 war axe (weapon)
Missiles
 d - 4 throwing nets (quivered)
 e - a javelin
Armour
 b - a +0 leather armour (worn)
 c - a +0 helmet (worn)
 h - a +0 pair of boots (worn)
Wands
 k - a wand of iceblast (6)
Scrolls
 f - 3 scrolls of identify {unknown}
 j - a scroll of magic mapping {unknown}
Potions
 g - a potion of flight {unknown}
 i - a potion of heal wounds {unknown}


   Skills:
 + Level 2.7 Fighting
 + Level 3.2 Axes
 - Level 1.7 Throwing
 - Level 2.6 Dodging


You had one spell level left.
You didn't know any spells.
Your spell library was empty.

Dungeon Overview and Level Annotations

Branches:
Dungeon (2/15)

Altars:

Shops:
D:1 [


Innate Abilities, Weirdness & Mutations

You have sharp fingernails.


Message History

The giant cockroach waves its antennae.
The giant cockroach closely misses you.
The giant cockroach bites you but does no damage.
You hit the giant cockroach.
You kill the giant cockroach!
No target in view!
No target in view!
No target in view!
A rat comes into view.
The rat moves out of view.
A rat and a jelly come into view.
Found a dagger.
The jelly quivers.
There are monsters nearby!
There are monsters nearby!
There are monsters nearby!
The rat twitches its whiskers.
You hit the rat.
You kill the rat!
You hit the jelly but do no damage.
Your claws burn!
The jelly hits you. The acid corrodes you!
You are splashed with acid!
You hit the jelly but do no damage.
Your claws burn!
The jelly closely misses you. The jelly misses you.
Unknown command.
You are too injured to fight recklessly!
Unknown command.
You are too injured to fight recklessly!
Unknown command.
You are too injured to fight recklessly!
Unknown command.
You are too injured to fight recklessly!
Unknown command.
You are too injured to fight recklessly!
Unknown command.
You hit the jelly.
Your claws burn!
The jelly is lightly wounded.
The jelly hits you.
* * * LOW HITPOINT WARNING * * *
You are splashed with acid!
You die...

.##### #..# .#
#..#
.#########..#
.#..........#
##.#######..#
# #..# .#
#..######.##
#..........#
##.####@...#
#.# #J...# #.#
........# #...
... .........)
....
####.........#
....
###....####
.._. #....#
.... #....#
....


You could see a jelly.

Vanquished Creatures
  A dart slug (D:1)
  An endoplasm (D:1)
  A giant cockroach (D:2)
  2 goblins (D:1)
  A hobgoblin (D:1)
  4 jackals (D:1)
  2 ball pythons (D:1)
  A bat (D:1)
  A frilled lizard (D:1)
  A kobold (D:1)
  8 rats
23 creatures vanquished.

Notes
Turn   | Place    | Note
-------+----------+-------------------------------------------
     0 | D:1      | OrthodoxDeviant the Demonspawn Gladiator began the quest
                  | for the Orb.
     0 | D:1      | Reached XP level 1. HP: 16/16 MP: 1/1
   113 | D:1      | Reached skill level 3 in Axes
   121 | D:1      | Gained mutation: You have sharp fingernails. [demonic
                  | ancestry]
   121 | D:1      | Reached XP level 2. HP: 22/23 MP: 2/2
   144 | D:1      | Found Tife Dau's Armour Emporium.
   689 | D:2      | Found a faded altar of an unknown god.
   743 | D:2      | Splashed by a jelly's acid

Illustrated notes

Levels and vault maps discovered:
D:1:      dpeg_arrival_ratfight, layout_basic, serial_shops,
          nicolae_shop_hallway_plus, corexii_hall_statues_i, chequers_arboretum,
          st_stairs_7
D:2:      layout_loops_ring, ebering_ecumenical_altar_sacrificial

Skill      XL: |  1 |
---------------+----+-----
Axes           | 3 |  3.2
Fighting       | |  2.7
Throwing       | |  1.7
Dodging        | |  2.6

Action                     || total
---------------------------++-------
  Melee: War axe           ||    58
         Punch             ||     2
   Stab: Sleeping          ||     1
 Armour: Leather armour    ||    26
  Dodge: Dodged            ||    46

Table legend: (Time is in decaauts)
 A = Elapsed time spent in this place.
 B = Non-inter-level travel time spent in this place.
 C = Inter-level travel time spent in this place.
 D = Time resting spent in this place.
 E = Time spent auto-exploring this place.
 F = Levels seen in this place.
 G = Mean time per level.
                   A        B        C        D        E       F      G
               +--------+--------+--------+--------+--------+-----+--------+
         Total |    763 |    659 |    104 |      0 |    495 |   2 |  381.5 |
       Dungeon |    763 |    659 |    104 |      0 |    495 |   2 |  381.5 |
               +--------+--------+--------+--------+--------+-----+--------+

Top non-repeatable levels by time:
     D:1: 700 daAuts
     D:2: 62 daAuts
